Map: Prion Terraces

Players

ViGiL - Winner!

  • Race: Protoss Protoss
  • League: Diamond

LilDicky

  • Race: Terran Terran
  • League: Diamond

VOD

http://www.twitch.tv/tumescentpie

Description

Time

  • Played on: Nov. 24, 2015, 8:04 p.m.
  • Length: 13:30
Show
View Real Time Build Order
Export as new Build Order

ViGiL Protoss - Winner!

Build Orders:  

Get SALT Encoding   

  12  0:02  Probe (Chrono Boost)  
  13  0:13  Probe (Chrono Boost)  
  14  0:20  Pylon  
  14  0:23  Probe (Chrono Boost)  
  15  0:38  Probe (Chrono Boost)  
  16  0:42  Gateway  
  16  0:48  Assimilator  
  16  0:49  Probe (Chrono Boost)  
  17  0:59  Probe (Chrono Boost)  
  17  1:03  Pylon  
  18  1:10  Probe (Chrono Boost)  
  19  1:20  Probe (Chrono Boost)  
  19  1:23  Assimilator  
  20  1:30  Cybernetics Core  
  20  1:31  Probe (Chrono Boost)  
  21  1:41  Probe (Chrono Boost)  
  22  1:52  Probe (Chrono Boost)  
  22  2:03  Nexus  
  22  2:11  Warp Gate (Chrono Boost)  
  22  2:14  Adept (Chrono Boost)  
  24  2:21  Mothership Core  
  26  2:41  Sentry (Chrono Boost)  
  26  2:42  Probe  
  26  2:43  Pylon  
  29  2:57  Robotics Facility  
  29  2:59  Probe  
  30  3:08  Sentry  
  30  3:11  Probe  
  33  3:23  Probe  
  34  3:34  Gateway  
  34  3:35  Probe  
  34  3:40  Gateway  
  35  3:47  Probe  
  36  3:49  Assimilator  
  36  3:53  Assimilator  
  36  4:00  Observer (Chrono Boost)  
  36  4:01  Probe  
  36  4:02  Probe  
  39  4:12  Probe  
  39  4:14  Probe  
  41  4:17  Forge  
  41  4:20  Pylon  
  41  4:22  Probe  
  42  4:26  Probe  
  43  4:33  Probe  
  43  4:34  Immortal (Chrono Boost)  
  48  4:39  Pylon  
  48  4:40  Sentry  
  48  4:42  Sentry  
  52  4:47  Pylon  
  52  4:48  Probe  
  53  4:53  Protoss Ground Weapons Level 1  
  53  4:54  Probe  
  54  5:03  Probe  
  54  5:05  Probe, Adept  
  54  5:07  Adept  
  60  5:10  Sentry  
  54  5:23  Observer (Chrono Boost)  
  47  5:52  Stalker x3  
  47  5:55  Probe  
  47  5:56  Immortal (Chrono Boost), Probe  
  56  6:05  Probe  
  56  6:08  Probe, Photon Cannon  
  54  6:19  Gateway  
  54  6:22  Twilight Council  
  54  6:25  Probe  
  54  6:26  Probe  
  56  6:35  Probe  
  56  6:36  Stalker  
  56  6:38  Sentry x2  
  56  6:39  Probe  
  63  6:47  Protoss Ground Armor Level 1  
  63  6:50  Observer (Chrono Boost)  
  64  7:00  Photon Cannon  
  64  7:02  Stalker x2  
  64  7:04  Stalker  
  66  7:25  Blink  
  62  7:40  Pylon, Photon Cannon  
  62  7:44  Probe, Photon Cannon  
  62  7:45  Probe  
  58  7:52  Zealot x2  
  58  7:55  Probe  
  58  7:57  Probe  
  61  7:59  Zealot  
  59  8:09  Probe  
  60  8:17  Zealot x2  
  60  8:19  Probe  
  49  8:29  Probe  
  49  8:33  Probe  
  51  8:40  Probe  
  51  8:41  Observer (Chrono Boost)  
  52  8:46  Probe  
  54  8:50  Probe  
  55  8:58  Probe  
  55  9:01  Probe  
  53  9:04  Zealot x2  
  45  9:30  Probe  
  39  9:31  Probe  
  41  9:41  Probe  
  41  9:42  Cybernetics Core  
  41  9:43  Probe  
  41  9:45  Pylon  
  43  9:51  Probe  
  43  9:55  Probe  
  45  10:30  Stalker  
  45  10:31  Stalker x2, Probe  
  45  10:32  Stalker, Probe  
  55  10:41  Probe  
  55  10:44  Probe  
  57  10:53  Probe  
  48  11:20  Nexus  
  48  11:22  Pylon  
  48  11:25  Pylon  
  48  11:26  Stalker x2  
  48  11:27  Pylon  
  48  11:31  Pylon  
  52  11:36  Dark Shrine  
  52  11:48  Templar Archives  
  52  11:49  Probe  
  52  11:50  Probe  
  54  11:56  Sentry x2  
  54  11:57  Sentry  
  54  11:59  Sentry, Probe  
  63  12:02  Probe  
  64  12:10  Probe  
  57  12:25  Stalker  
  57  12:26  Stalker  
  57  12:27  Zealot  
  57  12:28  Zealot  
  65  12:37  Photon Cannon  
  65  12:44  Pylon  
  65  12:46  Probe  
  65  12:47  Probe  
  65  12:50  Probe  
  67  12:56  Probe  
  69  12:59  Probe  
  69  13:02  High Templar  
  69  13:03  Dark Templar  
  74  13:06  Dark Templar  
  76  13:15  Dark Templar  
  78  13:25  Assimilator  
  78  13:29  Assimilator  
Show
View Real Time Build Order
Export as new Build Order

LilDicky Terran 

Build Orders: MMM Bio 

Get SALT Encoding   

  12  0:02  SCV  
  13  0:14  SCV  
  13  0:18  Supply Depot  
  14  0:26  SCV  
  14  0:28  Refinery  
  15  0:39  SCV  
  16  0:47  Barracks  
  16  0:54  SCV  
  17  1:06  SCV  
  18  1:18  SCV  
  19  1:34  Orbital Command  
  19  1:35  Marine  
  19  1:36  Supply Depot  
  20  1:41  Factory  
  20  1:53  Marine  
  21  2:00  SCV  
  22  2:03  Barracks  
  22  2:08  Barracks  
  22  2:13  SCV  
  23  2:22  Refinery  
  23  2:28  SCV  
  23  2:29  Barracks Reactor  
  24  2:33  Supply Depot  
  24  2:36  Widow Mine  
  26  2:42  SCV  
  26  2:54  SCV, Barracks Tech Lab  
  26  2:55  Barracks Tech Lab  
  27  3:03  Supply Depot  
  27  3:06  SCV, Widow Mine  
  30  3:18  SCV  
  29  3:23  Combat Shields  
  29  3:24  Stimpack  
  29  3:25  Marine, Marauder  
  32  3:27  Marine  
  32  3:30  SCV  
  35  3:43  Marine  
  35  3:47  Starport  
  35  3:48  Supply Depot, Marine  
  35  3:49  Marine  
  35  3:51  Marine  
  36  4:05  Marine  
  36  4:07  SCV, Marauder  
  36  4:09  Marauder  
  42  4:22  SCV  
  42  4:23  Medivac  
  45  4:24  Marine x2  
  45  4:28  Marauder  
  49  4:31  Supply Depot  
  49  4:41  Widow Mine  
  49  4:42  Concussive Shells  
  51  4:49  Marine x2  
  51  4:51  Marine  
  54  4:57  Supply Depot  
  54  4:58  Medivac  
  56  5:09  Marauder x2, Marine x2  
  62  5:21  Widow Mine  
  49  5:43  Marine x4  
  51  5:50  Medivac  
  53  6:00  Marine  
  53  6:01  Marauder, Marine  
  53  6:02  Marauder  
  50  6:18  Marine x2  
  50  6:21  Widow Mine  
  50  6:22  Marine  
  50  6:23  Marauder  
  57  6:36  Marine  
  58  6:57  Marine x2  
  58  6:58  Marauder x2  
  62  7:15  Marine x2  
  59  7:19  Marauder  
  59  7:49  Marine x3  
  59  7:50  Marine  
  63  7:52  Medivac  
  51  8:07  Marine x3  
  51  8:08  Marauder  
  51  8:22  Medivac  
  51  8:25  Marine x2  
  51  8:26  Marauder  
  48  8:30  Marine  
  47  8:42  Marine x2  
  47  8:46  Marine  
  47  8:48  Marine  
  51  8:52  Bunker  
  51  8:53  Bunker  
  50  9:00  Marine x2  
  50  9:01  Command Center  
  51  9:04  Marine  
  51  9:05  Marine  
  42  9:30  Marine x2  
  35  9:37  Starport Tech Lab  
  30  9:43  Marine  
  30  9:44  Marine  
  32  9:45  SCV  
  32  9:48  Reaper  
  35  9:58  SCV  
  36  10:02  Marauder x2  
  36  10:04  Banshee  
  36  10:05  Marine  
  42  10:10  SCV  
  37  10:22  Marine  
  37  10:23  Marine x2  
  37  10:40  Marine  
  37  10:41  SCV, Marine  
  39  10:43  Marine  
  40  10:58  Marine  
  28  11:11  Marine  
  28  11:12  Marine  
  28  11:16  Marine  
  31  11:18  Orbital Command  
  31  11:29  Marine  
  32  11:39  Marine  
  33  11:49  Marine x2  
  35  11:56  Banshee  
  37  12:23  Marine x2  
  37  12:24  Marauder  
  37  12:25  SCV  
  40  12:37  SCV  
  40  12:41  Marine x2  
  42  12:45  Marauder  
  42  12:49  SCV  
  45  12:59  Marauder  
  45  13:05  SCV, Marine  
  48  13:06  Marine  
  48  13:09  Command Center  
  50  13:13  Bunker  
  50  13:16  Bunker  
Tags
 
Add a new tag
Caveats
  • Supply blocks, unpowered buildings, or Contaminate may cause inaccurate times.
  • Supply counts are checked every 10 seconds.